 Dungeon Crawl Stone Soup version 0.22.1-2-g9c5b331 (webtiles) character file.

694 lysyklops the Skirmisher (level 7, -1/63 HPs)
             Began as a Minotaur Fighter on Dec 19, 2018.
             Slain by a wight
             ... wielding a +0 flail
              (9 damage)
             ... on level 4 of the Dungeon.
             The game lasted 00:06:20 (3817 turns).

lysyklops the Skirmisher (Minotaur Fighter)         Turns: 3817, Time: 00:06:20

Health: -1/63      AC:  7    Str: 23    XL:     7   Next: 37%
Magic:  6/6        EV:  7    Int:  5    God:
Gold:   267        SH: 10    Dex:  9    Spells: 6/6 levels left

rFire    . . .     SeeInvis .   a - +0 long sword
rCold    . . .     Gourm    .   c - +0 shield
rNeg     . . .     Faith    .   b - +0 scale mail
rPois    .         Spirit   .   (helmet restricted)
rElec    .         Reflect  .   (no cloak)
rCorr    .         Harm     .   (no gloves)
MR       .....                  (no boots)
Stlth    ..........             (no amulet)
HPRegen  0.20/turn              (no ring)
MPRegen  0.10/turn              (no ring)

@: heavily drained
A: retaliatory headbutt, horns 2
a: no special abilities


You were on level 4 of the Dungeon.
You were not hungry.

You visited 1 branch of the dungeon, and saw 4 of its levels.

You collected 267 gold pieces.

Inventory:

Hand Weapons
 a - a +0 long sword (weapon)
Armour
 b - a +0 scale mail (worn)
 c - a +0 shield (worn)
Jewellery
 n - an uncursed amulet of rage {unknown}
Wands
 p - a wand of iceblast (5)
 q - a wand of enslavement (9)
Scrolls
 e - 5 scrolls of magic mapping {unknown}
 g - a scroll of teleportation {unknown}
 i - 4 scrolls of identify {unknown}
 j - 4 scrolls of remove curse {unknown}
 l - 3 scrolls of enchant weapon {unknown}
 m - a scroll of blinking {unknown}
 s - a scroll of enchant armour {unknown}
 t - a scroll of immolation {unknown}
Potions
 d - 2 potions of might
 h - a potion of heal wounds
 k - a potion of magic {unknown}
 o - 2 potions of lignification {unknown}
 r - 2 potions of curing {unknown}
 u - a potion of brilliance {unknown}
 v - a potion of agility {unknown}
Comestibles
 f - 4 rations
 w - a chunk of flesh


   Skills:
 + Level 6.1(4.7) Fighting
 + Level 5.3(4.0) Long Blades
 + Level 6.0(4.7) Armour
 + Level 6.0(4.7) Shields


You had 6 spell levels left.
You didn't know any spells.
Your spell library was empty.

Dungeon Overview and Level Annotations

Branches:
Dungeon (4/15)
 Temple: D:4-7

Altars:
Sif Muna


Innate Abilities, Weirdness & Mutations

You reflexively headbutt those who attack you in melee.
You have a pair of horns on your head.


Message History

* * * LOW HITPOINT WARNING * * *
The wight hits you with a flail.
* * * LOW HITPOINT WARNING * * *
You feel drained.
* * * LOW HITPOINT WARNING * * *
There is a stone staircase leading down here.
You closely miss the wight.
The wight hits you with an enchanted flail.
* * * LOW HITPOINT WARNING * * *
You slash the wight! You headbutt the wight.
The wight is severely damaged.
Your scale mail prevents you from hitting the wight.
The wight is heavily damaged.
You hit the wight but do no damage. You headbutt the wight.
The wight is almost destroyed.
The wight hits you but does no damage.
You closely miss the wight.
The wight is severely damaged.
The wight hits you but does no damage. The wight hits you with a flail!
You die...

########## ###....>...##
####(..........#####
##..............##...
#..................)z
#.#................#.
#..##zz..........##).
##..#@#..........#.#..
#....#.##......##.#...
#.......##.#....#.##....
........#.#.####.#.#....
..##.....#.##..##.#.....
. #......##....##......
#....................
#....................
#......##....##......


You could see 2 wights.

Vanquished Creatures
  An ogre (D:3)
  A scorpion (D:3)
  2 wights (D:4)
  3 orc priests
  2 orc wizards (D:4)
  An iguana (D:4)
  3 worker ants
  A killer bee zombie (D:4)
  A hound skeleton (D:4)
  Robin (D:2)
  4 gnolls (D:2)
  6 adders
  An ooze (D:3)
  4 worms
  A dart slug (D:3)
  A leopard gecko (D:2)
  11 orcs
  A ball python (D:3)
  8 bats
  2 giant cockroaches
  16 goblins
  7 hobgoblins
  2 jackals (D:1)
  5 kobolds
  A quokka (D:2)
  2 frilled lizards (D:2)
  4 rats
92 creatures vanquished.

Notes
Turn   | Place    | Note
-------+----------+-------------------------------------------
     0 | D:1      | lysyklops the Minotaur Fighter began the quest for the Orb.
     0 | D:1      | Reached XP level 1. HP: 19/19 MP: 0/0
   301 | D:1      | Reached XP level 2. HP: 26/27 MP: 1/1
   650 | D:2      | Reached XP level 3. HP: 27/33 MP: 2/2
   906 | D:2      | Noticed Robin
   924 | D:2      | Killed Robin
  1161 | D:2      | Reached XP level 4. HP: 22/40 MP: 3/3
  1736 | D:3      | Found a deep blue altar of Sif Muna.
  1825 | D:3      | Reached XP level 5. HP: 41/47 MP: 4/4
  2119 | D:3      | Found a faded altar of an unknown god.
  2474 | D:3      | Reached skill level 5 in Fighting
  2474 | D:3      | Reached skill level 5 in Armour
  2474 | D:3      | Reached skill level 5 in Shields
  2515 | D:3      | Reached XP level 6. HP: 46/56 MP: 5/5
  3167 | D:4      | Reached skill level 5 in Long Blades
  3167 | D:4      | Reached XP level 7. HP: 12/62 MP: 6/6
  3817 | D:4      | Slain by a wight

Skill      XL: |  1  2  3  4  5  6  7 |
---------------+----------------------+-----
Armour         | 4 5 6 |  6.0
Fighting       | 4 5 6 |  6.1
Long Blades    | 3 4 5 |  5.3
Shields        | 4 5 6 |  6.0

Action                   |  1- 3 |  4- 6 |  7- 9 || total
-------------------------+-------+-------+-------++-------
Melee: Long sword        |    98 |   145 |    58 ||   301
       Headbutt          |    18 |    26 |    12 ||    56
  Use: Potion            |       |     1 |       ||     1
  Eat: Chunk             |     1 |     4 |     1 ||     6
       Ration            |       |     1 |       ||     1
Armor: Scale mail        |    48 |    87 |    14 ||   149
Dodge: Dodged            |    38 |    50 |    13 ||   101
Block: Shield            |    49 |    77 |    22 ||   148
       Rpst.: Long sword |     9 |    13 |     4 ||    26
